 Dungeon Crawl Stone Soup version 0.25-a0-62-g88673ef095 (webtiles) character file.

Game seed: 14759755506739938477, levelgen mode: deterministic

104434 MrRokkomies the Unseen (level 15, 0/80 HPs)
             Began as a Spriggan Assassin on Oct 31, 2019.
             Was the Champion of Okawaru.
             Blown up by an orb spider (43 damage)
             ... with an orb of destruction
             ... on level 1 of the Spider Nest.
             The game lasted 01:28:10 (31780 turns).

MrRokkomies the Unseen (Spriggan Assassin)         Turns: 31780, Time: 01:28:11

Health: 0/80       AC: 21    Str: 14    XL:     15   Next: 91%
Magic:  25/25      EV: 25    Int: 15    God:    Okawaru [******]
Gold:   1519       SH: 14    Dex: 27    Spells: 8/14 levels left

rFire    . . .     SeeInvis +   a - +7 rapier "Itoluew" {flame, +Fly Str+3}
rCold    + + +     Gourm    .   R - +0 buckler {AC+3}
rNeg     + + .     Faith    .   b - +9 ice dragon scales of Fallacy {*Corrode rElec rF- rC++ Dex+3}
rPois    .         Spirit   .   g - +0 hat {MR+}
rElec    +         Reflect  +   x - scarf {rC+ rF+}
rCorr    .         Harm     .   (gloves unavailable)
MR       ++++.                  (boots unavailable)
Stlth    +++++++...             S - +4 amulet of reflection
HPRegen  0.23/turn              K - ring of protection from magic
MPRegen  0.19/turn              Q - ring "Nuqeg" {rC+ rN++ Dex+6 Stlth+}

@: very quick
A: very small, unfitting armour, see invisible, herbivore, speed 3, slow
metabolism 2
a: Heroism, Finesse, Renounce Religion, Evoke Flight


You were on level 1 of the Spider Nest.
You worshipped Okawaru.
Okawaru was exalted by your worship.
You were not hungry.

You visited 5 branches of the dungeon, and saw 25 of its levels.
You also visited: Gauntlet.

You collected 2624 gold pieces.
You spent 1105 gold pieces at shops.

Inventory:

Hand Weapons
 a - the +7 rapier "Itoluew" (weapon) {flame, +Fly Str+3}
   (Okawaru gifted it to you on level 6 of the Lair of Beasts)

   It has been specially enchanted to burn those struck by it, causing extra
   injury to most foes and up to half again as much damage against particularly
   susceptible opponents.
   It affects your strength (+3).
   It lets you fly.
 u - a +4 rapier of freezing
 V - the +2 dagger "Befaos Muzom" {freeze, rPois rF+ Dex+3}
   (Okawaru gifted it to you on level 4 of the Lair of Beasts)

   It has been specially enchanted to freeze those struck by it, causing extra
   injury to most foes and up to half again as much damage against particularly
   susceptible opponents.
   It can also slow down cold-blooded creatures.
   It affects your dexterity (+3).
   It protects you from fire.
   It protects you from poison.
 Z - a +7 quick blade
Missiles
 d - 27 poisoned darts (quivered)
 e - 8 atropa-tipped darts
 h - 20 curare-tipped darts
 z - 13 boomerangs of dispersal
 C - 9 throwing nets
 G - 28 boomerangs
 P - 8 silver boomerangs
 Y - 4 datura-tipped darts
Armour
 b - the +9 ice dragon scales of Fallacy (worn) {*Corrode rElec rF- rC++ Dex+3}
   (Okawaru gifted it to you on level 1 of the Lair of Beasts)

   It affects your dexterity (+3).
   It makes you vulnerable to fire.
   It greatly protects you from cold.
   It insulates you from electricity.
   It may corrode you when you take damage.
 g - a +0 hat of magic resistance (worn)
 x - a scarf of resistance (worn)
 R - a +0 buckler of protection (worn)
 U - a +1 cloak of invisibility
Jewellery
 D - an uncursed ring of positive energy
 K - a ring of protection from magic (left hand)
 Q - the ring "Nuqeg" (right hand) {rC+ rN++ Dex+6 Stlth+}
   (You found it in a Gauntlet)

   [ring of stealth]

   It affects your dexterity (+6).
   It protects you from cold.
   It greatly protects you from negative energy.
   It makes you more stealthy.
 S - a +4 amulet of reflection (around neck)
Wands
 c - a wand of disintegration (9)
 i - a wand of iceblast (4)
 y - a wand of digging (16)
 L - a wand of paralysis (10)
Scrolls
 j - 9 scrolls of teleportation
 p - 2 scrolls of identify
 q - 2 scrolls of blinking
 r - a scroll of holy word
 s - 10 scrolls of remove curse
 w - 3 scrolls of immolation
 A - 3 scrolls of fear
 E - a scroll of magic mapping
 O - 7 scrolls of enchant armour
 X - a scroll of enchant weapon
Potions
 l - 5 potions of brilliance
 m - a potion of haste
 n - 8 potions of heal wounds
 o - 5 potions of invisibility
 t - 3 potions of resistance
 v - a potion of ambrosia
 B - 3 potions of flight
 F - 4 potions of lignification
 H - a potion of berserk rage
 I - 2 potions of curing
 J - a potion of cancellation
 N - 2 potions of might
 T - a potion of magic
Miscellaneous
 k - a phial of floods
 M - a lamp of fire
 W - a lightning rod (4/4)
Comestibles
 f - 28 rations


   Skills:
 - Level 10.0 Fighting
 - Level 14.0 Short Blades
 - Level 11.0 Throwing
 - Level 12.0 Dodging
 + Level 19.2 Stealth
 - Level 7.2 Shields
 * Level 6.1 Hexes
 - Level 12.0 Evocations


You had 8 spell levels left.
You knew the following spells:

 Your Spells              Type           Power        Failure   Level  Hunger
a - Confusing Touch       Hex            ###...       14%         1    ##.....
b - Summon Butterflies    Summ           #.......     86%         1    ##.....
c - Animate Dead          Necr           N/A          100%        4    #####..

Your spell library contained the following spells:

 Spells                   Type           Power        Failure   Level  Hunger
 Confuse                  Hex            ###.....     38%         3    ####...
 Tukima's Dance           Hex            ###.....     38%         3    ####...
 Dazzling Spray           Conj/Hex       #.....       82%         3    ####...
 Inner Flame              Hex/Fire       #.......     82%         3    ####...
 Animate Skeleton         Necr           N/A          86%         1    ##.....
 Apportation              Tloc           #.....       86%         1    ##.....
 Flame Tongue             Conj/Fire      #....        86%         1    ##.....
 Magic Dart               Conj           #...         86%         1    ##.....
 Pain                     Necr           #...         86%         1    ##.....
 Searing Ray              Conj           #.....       94%         2    ###....
 Throw Flame              Conj/Fire      #.....       94%         2    ###....
 Conjure Flame            Conj/Fire      #.......     99%         3    ####...
 Gell's Gravitas          Tloc           #.........   99%         3    ####...
 Lesser Beckoning         Tloc           #.........   99%         3    ####...
 Recall                   Summ/Tloc      N/A          99%         3    ####...
 Regeneration             Chrm/Necr      #.........   99%         3    ####...
 Vampiric Draining        Necr           #.........   99%         3    ####...
 Fulminant Prism          Conj/Hex       #.........   99%         4    #####..
 Leda's Liquefaction      Hex/Erth       #.........   99%         4    #####..
 Force Lance              Conj/Tloc      #.......     100%        4    #####..
 Iskenderun's Mystic Bla  Conj           #.......     100%        4    #####..
 Petrify                  Tmut/Erth      #.......     100%        4    #####..
 Sticky Flame             Conj/Fire      #.......     100%        4    #####..
 Summon Lightning Spire   Summ/Air       #.......     100%        4    #####..
 Alistair's Intoxication  Tmut/Pois      #.......     100%        5    ######.
 Bolt of Magma            Conj/Fire/Erth #.........   100%        5    ######.
 Borgnjor's Vile Clutch   Necr/Erth      #.........   100%        5    ######.
 Fireball                 Conj/Fire      #.........   100%        5    ######.
 Iskenderun's Battlesphe  Conj/Chrm      #.......     100%        5    ######.
 Metabolic Englaciation   Hex/Ice        #.........   100%        5    ######.
 Silence                  Hex/Air        #.........   100%        5    ######.
 Venom Bolt               Conj/Pois      #.........   100%        5    ######.
 Yara's Violent Unravell  Hex/Tmut       #.........   100%        5    ######.
 Conjure Ball Lightning   Conj/Air       #.........   100%        6    #######
 Death Channel            Necr           #.........   100%        6    #######
 Deflect Missiles         Chrm/Air       #.........   100%        6    #######
 Invisibility             Hex            ###.....     100%        6    #######
 Iron Shot                Conj/Erth      #.........   100%        6    #######
 Simulacrum               Ice/Necr       #.........   100%        6    #######
 Statue Form              Tmut/Erth      #........    100%        6    #######
 Orb of Destruction       Conj           #.........   100%        7    #######
 Spellforged Servitor     Conj/Summ      #.........   100%        7    #######
 Shatter                  Erth           #.........   100%        9    #######
 Tornado                  Air            #.........   100%        9    #######


Dungeon Overview and Level Annotations

Branches:
Dungeon (15/15)            Temple (1/1) D:5            Lair (6/6) D:9
 Shoals (0/4) Lair:2       Spider (1/4) Lair:2        Slime (0/5) Lair:5
    Orc (2/2) D:10            Elf (0/3) Orc:2        Vaults (0/5) D:13
 Depths (0/5) D:15        Gauntlet (visited)

Altars:
Ashenzari
Cheibriados
Dithmenos
Elyvilon
Fedhas
Gozag
Hepliaklqana
Kikubaaqudgha
Makhleb
Nemelex Xobeh
Okawaru
Qazlal
Ru
Sif Muna
Trog
Uskayaw
Vehumet
Wu Jian
Xom
Yredelemnul
Zin
The Shining One

Shops:
D:6 (   Orc:2 [:!:=*:

Portals:
Trove: D:15 (give 5 scrolls of blinking)

Annotations:
D:8 2 transporters, topfpfpflanze's ghost, novice DrWz
D:10 2 transporters, lilly's ghost, novice FeMo


Innate Abilities, Weirdness & Mutations

You are very small and have problems with some larger weapons.
You are too small for most types of armour.
You have supernaturally acute eyesight. (SInv)
You are a herbivore.
You cover ground extremely quickly.
You need to consume almost no food.


Message History

The orb spider pulsates with a strange energy.
You kill the orb spider!
Okawaru accepts your kill.
The orb spider weaves a glowing orb of energy.
An orb of destruction comes into view.
There is a crawl-hole back to the Lair here.
Throwing (i - inventory. (/) - cycle)
d - 29 poisoned darts (quivered)
Press: ? - help, Shift-Dir - straight line, f - orb spider
Aim: an orb spider (severely wounded, poisoned)
You throw a poisoned dart.
The poisoned dart closely misses the orb spider.
The orb of destruction hits a rock wall.
Throwing (i - inventory. (/) - cycle)
d - 28 poisoned darts (quivered)
Press: ? - help, Shift-Dir - straight line, f/p - orb spider
Aim: an orb spider (almost dead, poisoned)
You throw a poisoned dart.
The poisoned dart closely misses the orb spider.
The orb of destruction hits you!!!
Ouch! That really hurt!
You die...

. .......# ....
..#..#..#....... ^
........#......
...#.........##.>#
...#.##..#.....(..
...........°○...#.
#........[○s.○#...
.......#.☼☼.^...?.
..#.#.(@.........
........°.#...##.#
.....(.#....#.....
....#...)(..!.....
.............##...
s...#..........#..
......=.......#. .
.#....$.##......
....#.... ....#


You could see an orb spider.

Vanquished Creatures
  Nikola (Spider:1)
  Frances (D:13)
  Agnes (D:15)
  Louise (D:14)
  The ghost of burekbajo the Severer, a journeyman DDFi of Makhleb (Orc:1)
  A minotaur (Gauntlet)
  3 fire dragons
  A yaktaur captain (D:13)
  Josephine (D:10)
  Fannar (D:10)
  A rakshasa (D:15)
  Harold (D:10)
  A catoblepas (D:13)
  A death knight (D:12)
  10 hydras
  2 centaur warriors (D:13)
  7 two-headed ogres
  A queen ant (Lair:3)
  3 orc high priests (Orc:2)
  Sonja (Lair:6)
  2 sixfirhies (Gauntlet)
  4 skeletal warriors
  3 unseen horrors
  A deep troll (D:15)
  7 orc knights
  An orb spider (Spider:1)
  A deep elf mage (D:14)
  4 orc sorcerers (Orc:2)
  8 ugly things
  A wolf spider (Lair:2)
  A manticore (D:15)
  A salamander (shapeshifter) (D:15)
  12 elephants
  A merfolk siren (Lair:2)
  5 black mambas
  2 torpor snails
  4 centaur skeletons
  A gargoyle (D:13)
  14 spiny frogs
  A minotaur zombie (Gauntlet)
  3 rime drakes
  5 komodo dragons
  A demonic crawler (Lair:2)
  2 yaktaurs (D:13)
  2 efreet (D:13)
  4 freezing wraiths
  2 tengu conjurers (D:14)
  4 polar bears
  6 trolls
  3 jumping spiders (Lair:2)
  20 blink frogs
  3 hornets (Lair:6)
  11 hippogriffs
  5 dream sheep (Lair:6)
  3 redbacks
  10 spriggans (Lair:6)
  Sigmund (D:2)
  Eustachio (D:4)
  37 yaks
  4 wraiths (D:10)
  7 basilisks
  4 hungry ghosts
  2 steam dragons
  7 vampire mosquitoes
  Grum (D:8)
  Menkaure (D:4)
  5 wargs
  14 water moccasins
  20 soldier ants (Lair:3)
  An acid dragon (D:12)
  13 porcupines
  23 orc warriors
  6 black bears
  6 sky beasts
  An ice beast (shapeshifter) (D:10)
  4 ice beasts
  5 phantoms
  2 eyes of draining
  A necrophage (D:9)
  26 wolves
  7 boggarts
  13 ogres
  15 centaurs
  11 crocodiles
  A big kobold (D:13)
  Blork the orc (D:6)
  14 bullfrogs
  2 wyvern zombies
  2 gnoll sergeants
  3 scorpions
  13 killer bees
  3 wights (D:14)
  An electric eel (Lair:4)
  4 crimson imps
  2 howler monkeys
  3 centaur zombies
  A quasit (D:10)
  A bullfrog zombie (D:6)
  6 hounds
  16 orc priests
  9 jellies
  25 orc wizards
  A bullfrog skeleton (D:9)
  Terence (D:3)
  An iguana (D:7)
  24 worker ants
  6 ogre zombies (D:10)
  A worker ant zombie (D:7)
  10 adders
  11 gnolls
  2 shadow imps
  7 oozes
  An adder skeleton (D:5)
  4 worms
  3 dart slugs
  5 leopard geckos
  72 orcs
  5 giant cockroaches
  6 goblins
  4 hobgoblins
  2 jackals (D:4)
  3 quokkas
  3 ball pythons
  5 bats
  8 frilled lizards
  4 goblin skeletons (D:10)
  3 goblin zombies (D:10)
  A hobgoblin skeleton (D:10)
  12 kobolds
  2 leopard gecko skeletons (D:5)
  A leopard gecko zombie (D:6)
  An orc skeleton (D:10)
  10 orc zombies (D:10)
  4 rats
  A butterfly (Lair:4)
  A plant (Lair:5)
768 creatures vanquished.

Vanquished Creatures (others)
  A centaur (D:13)
  An orc wizard (Orc:2)
  2 orcs (Orc:2)
  A kobold (D:13)
  14 fungi
  11 plants
30 creatures vanquished.

Grand Total: 798 creatures vanquished

Notes
Turn   | Place    | Note
-------+----------+-------------------------------------------
     0 | D:1      | MrRokkomies the Spriggan Assassin began the quest for the
                  | Orb.
     0 | D:1      | Reached XP level 1. HP: 10/10 MP: 2/2
   209 | D:1      | Reached skill level 6 in Stealth
   306 | D:1      | Reached XP level 2. HP: 2/14 MP: 3/3
  1188 | D:2      | Reached XP level 3. HP: 18/18 MP: 4/4
  1294 | D:2      | Noticed Sigmund
  1315 | D:2      | Killed Sigmund
  1315 | D:2      | Reached skill level 7 in Stealth
  1315 | D:2      | Reached XP level 4. HP: 22/22 MP: 5/5
  1315 | D:2      | Reached XP level 5. HP: 25/25 MP: 6/6
  2063 | D:3      | Reached XP level 6. HP: 20/30 MP: 7/7
  2438 | D:3      | Noticed Terence
  2455 | D:3      | Killed Terence
  2455 | D:3      | Reached skill level 5 in Short Blades
  3314 | D:4      | Noticed Eustachio
  3353 | D:4      | Noticed Menkaure
  3377 | D:4      | Killed Eustachio
  3377 | D:4      | Reached skill level 5 in Throwing
  3377 | D:4      | Reached XP level 7. HP: 33/33 MP: 8/8
  3386 | D:4      | Killed Menkaure
  3386 | D:4      | Reached skill level 8 in Stealth
  4149 | D:5      | Entered Level 5 of the Dungeon
  4565 | D:5      | Found a staircase to the Ecumenical Temple.
  4574 | Temple   | Entered the Ecumenical Temple
  4725 | Temple   | Became a worshipper of Warmaster Okawaru
  4766 | D:5      | Reached XP level 8. HP: 37/37 MP: 9/9
  5108 | D:5      | Reached skill level 9 in Stealth
  5212 | D:5      | Reached * piety under Okawaru
  5870 | D:6      | Noticed Blork the orc
  5881 | D:6      | Killed Blork the orc
  6328 | D:6      | Found a sparkling altar of Nemelex Xobeh.
  6385 | D:6      | Found Kulocas's Antique Weapon Emporium.
  6787 | D:6      | Found a hide-covered altar of Uskayaw.
  6793 | D:6      | Found a basalt altar of Yredelemnul.
  7271 | D:7      | Reached ** piety under Okawaru
  7275 | D:7      | Reached XP level 9. HP: 26/41 MP: 10/10
  7535 | D:7      | Reached skill level 10 in Stealth
  8340 | D:7      | Found a bloodstained altar of Trog.
  8629 | D:8      | Found a transporter.
  8634 | D:8      | Found a transporter.
  8634 | D:8      | Noticed a queen bee
  8634 | D:8      | Noticed topfpfpflanze's ghost (novice DrWz)
  8653 | D:8      | Noticed a two-headed ogre
  8662 | D:8      | Noticed Grum
  8706 | D:8      | Killed Grum
  8708 | D:8      | Reached *** piety under Okawaru
  8890 | D:8      | Killed a two-headed ogre
  8890 | D:8      | Reached **** piety under Okawaru
  8890 | D:8      | Reached skill level 10 in Short Blades
  8890 | D:8      | Reached skill level 11 in Stealth
  8914 | D:8      | Reached XP level 10. HP: 36/46 MP: 11/11
  9292 | D:8      | Found a hazy altar of Hepliaklqana.
  9294 | D:8      | Found a radiant altar of Vehumet.
  9296 | D:8      | Found a shimmering altar of Xom.
  9298 | D:8      | Found a glowing silver altar of Zin.
  9300 | D:8      | Found a burning altar of Makhleb.
  9303 | D:8      | Found an ornate altar of the Wu Jian Council.
  9441 | D:9      | Reached skill level 1 in Shields
 10227 | D:9      | Noticed a two-headed ogre
 10303 | D:9      | Killed a two-headed ogre
 10303 | D:9      | Reached skill level 10 in Throwing
 10397 | D:9      | Reached skill level 12 in Stealth
 10772 | D:9      | Noticed a two-headed ogre
 10779 | D:9      | Killed a two-headed ogre
 10779 | D:9      | Reached ***** piety under Okawaru
 10779 | D:9      | Received a gift from Okawaru
 10779 | D:9      | Received a gift from Okawaru
 10784 | D:9      | Found a shattered altar of Ashenzari.
 10813 | D:9      | Found a staircase to the Lair.
 11877 | D:10     | Entered Level 10 of the Dungeon
 11923 | D:10     | Found a staircase to the Orcish Mines.
 12243 | D:10     | Received a gift from Okawaru
 12262 | D:10     | Reached XP level 11. HP: 8/49 MP: 12/12
 12562 | D:10     | Noticed Fannar
 12567 | D:10     | Killed Fannar
 12652 | Lair:1   | Entered Level 1 of the Lair of Beasts
 12852 | Lair:1   | Received a gift from Okawaru
 12873 | Lair:1   | Reached skill level 13 in Stealth
 12939 | Lair:1   | Reached skill level 5 in Shields
 13555 | D:9      | Received a gift from Okawaru
 14289 | Lair:1   | You fall into a shaft and drop 1 floor!
 14588 | Lair:1   | Received a gift from Okawaru
 14589 | Lair:1   | Got bloodstained ice dragon scales {god gift}
 14600 | Lair:1   | Identified the +9 ice dragon scales of Fallacy {*Corrode
                  | rElec rF- rC++ Dex+3} (Okawaru gifted it to you on level 1
                  | of the Lair of Beasts)
 14920 | Lair:2   | Found a hole to the Spider Nest.
 15289 | Lair:2   | Reached skill level 5 in Fighting
 15431 | Lair:2   | Reached skill level 14 in Stealth
 15443 | Lair:2   | Found a staircase to the Shoals.
 15756 | Lair:2   | Reached XP level 12. HP: 49/60 MP: 13/13
 16548 | Lair:3   | Reached ****** piety under Okawaru
 16609 | Lair:3   | Found a gate leading to a gauntlet.
 16619 | Gauntlet | Entered a Gauntlet
 16619 | Gauntlet | Found a transporter.
 16619 | Gauntlet | Found a transporter.
 16629 | Gauntlet | Found a transporter.
 16652 | Gauntlet | Found a transporter.
 16658 | Gauntlet | Found a large runed translucent door.
 16659 | Gauntlet | Found a large runed translucent door.
 16661 | Gauntlet | Found a runed translucent gate.
 16662 | Gauntlet | Found a transporter.
 16662 | Gauntlet | Found a transporter.
 16662 | Gauntlet | Noticed a reaper
 16665 | Gauntlet | Found a transporter.
 16669 | Gauntlet | Found a runed translucent gate.
 16669 | Gauntlet | Found a runed translucent gate.
 16671 | Gauntlet | Found a large runed translucent door.
 16672 | Gauntlet | Found a large runed translucent door.
 16684 | Gauntlet | Found a large runed translucent door.
 16684 | Gauntlet | Found a large runed translucent door.
 16685 | Gauntlet | Found a large runed translucent door.
 16685 | Gauntlet | Found a large runed translucent door.
 16692 | Gauntlet | Found a transporter.
 16695 | Gauntlet | Found a large runed translucent door.
 16695 | Gauntlet | Found a large runed translucent door.
 16695 | Gauntlet | Found a runed translucent door.
 16695 | Gauntlet | Found a runed translucent door.
 16696 | Gauntlet | Found a large runed translucent door.
 16697 | Gauntlet | Found a large runed translucent door.
 16699 | Gauntlet | Found a transporter.
 16712 | Gauntlet | Found a transporter.
 16741 | Gauntlet | Found a transporter.
 16756 | Gauntlet | Found a transporter.
 16774 | Gauntlet | Found a transporter.
 16788 | Gauntlet | Found a large runed translucent door.
 16788 | Gauntlet | Found a large runed translucent door.
 16789 | Gauntlet | Found a large runed translucent door.
 16790 | Gauntlet | Found a large runed translucent door.
 16867 | Gauntlet | Found a transporter.
 16876 | Gauntlet | Found a transporter.
 16890 | Gauntlet | Found a transporter.
 17334 | Gauntlet | Got a coiled copper ring
 17338 | Gauntlet | Identified the ring "Nuqeg" {rC+ rN++ Dex+6 Stlth+} (You
                  | found it in a Gauntlet)
 17371 | Gauntlet | Noticed a minotaur
 17382 | Gauntlet | Killed a minotaur
 17382 | Gauntlet | Received a gift from Okawaru
 17521 | Lair:3   | Noticed a queen ant
 17603 | Lair:3   | Reached skill level 15 in Stealth
 17807 | Lair:3   | Killed a queen ant
 17807 | Lair:3   | Reached skill level 5 in Dodging
 18997 | Lair:4   | Reached XP level 13. HP: 68/68 MP: 14/14
 19055 | Lair:4   | Received a gift from Okawaru
 19075 | Lair:4   | Got an ancient dagger {god gift}
 19076 | Lair:4   | Identified the +2 dagger "Befaos Muzom" {freeze, rPois rF+
                  | Dex+3} (Okawaru gifted it to you on level 4 of the Lair of
                  | Beasts)
 19893 | Lair:5   | Found a staircase to the Slime Pits.
 20434 | Lair:6   | Entered Level 6 of the Lair of Beasts
 20524 | Lair:6   | Reached skill level 16 in Stealth
 20655 | Lair:6   | Received a gift from Okawaru
 20732 | Lair:6   | Reached skill level 10 in Dodging
 20805 | Lair:6   | Received a gift from Okawaru
 21037 | Lair:6   | Noticed Sonja
 21155 | Lair:6   | Received a gift from Okawaru
 21176 | Lair:6   | Killed Sonja
 21814 | Lair:6   | Received a gift from Okawaru
 21820 | Lair:6   | Got a crude rapier {god gift}
 21821 | Lair:6   | Identified the +7 rapier "Itoluew" {flame, +Fly Str+3}
                  | (Okawaru gifted it to you on level 6 of the Lair of Beasts)
 22047 | Lair:6   | Reached XP level 14. HP: 65/76 MP: 15/15
 22057 | Lair:6   | Reached skill level 10 in Fighting
 22131 | Lair:6   | Reached skill level 17 in Stealth
 22232 | Lair:6   | Reached skill level 1 in Evocations
 22420 | Lair:6   | Received a gift from Okawaru
 22910 | D:10     | Noticed lilly's ghost (novice FeMo)
 22911 | D:10     | Found a transporter.
 22911 | D:10     | Found a transporter.
 22932 | D:10     | Noticed Harold
 22938 | D:10     | Killed Harold
 23152 | D:10     | Found the +4 skin of Zhor {Hibernate rC+++ SInv}
 23168 | D:10     | Reached skill level 5 in Evocations
 23336 | D:10     | Noticed Josephine
 23392 | D:10     | Killed Josephine
 23684 | Orc:1    | Entered Level 1 of the Orcish Mines
 24005 | Orc:1    | Found a runed translucent door.
 24119 | Orc:1    | Noticed burekbajo's ghost (journeyman DDFi)
 24208 | Orc:1    | You fall into a shaft and drop 1 floor!
 24208 | Orc:2    | Entered Level 2 of the Orcish Mines
 24208 | Orc:2    | Found Qunk's Distillery.
 24208 | Orc:2    | Found Cotengos's General Store.
 24214 | Orc:2    | Found Kunogr Curph's Jewellery Emporium.
 24214 | Orc:2    | Found Julixaff's Book Boutique.
 24524 | Orc:1    | Killed burekbajo's ghost
 24629 | Orc:2    | Found Gaavveq's Book Shoppe.
 24645 | Orc:2    | Found a staircase to the Elven Halls.
 25192 | Orc:2    | Found Xuem's Book Emporium.
 25210 | Orc:2    | Found Rymialom's Antique Armour Boutique.
 25269 | Orc:2    | Bought a glowing buckler for 255 gold pieces
 25824 | Orc:2    | Received a gift from Okawaru
 25879 | Orc:2    | Reached skill level 18 in Stealth
 25936 | Orc:2    | Received a gift from Okawaru
 26024 | Orc:2    | Bought a book of Misfortune for 340 gold pieces
 26024 | Orc:2    | Bought a book of Necromancy for 510 gold pieces
 26026 | Orc:2    | Learned a level 1 spell: Confusing Touch
 26028 | Orc:2    | Learned a level 1 spell: Summon Butterflies
 26033 | Orc:2    | Learned a level 4 spell: Animate Dead
 26349 | D:11     | Found an ornate altar of the Wu Jian Council.
 26714 | D:12     | Got a warped rapier
 26715 | D:12     | Identified the +5 rapier "Spiderslayer" {protect, rN+
                  | Int+4} (You found it on level 12 of the Dungeon)
 27351 | D:12     | Reached XP level 15. HP: 60/80 MP: 22/22
 27709 | D:13     | Received a gift from Okawaru
 27712 | D:13     | Reached skill level 1 in Hexes
 27743 | D:13     | Found a gate to the Vaults.
 28148 | D:13     | Noticed Frances
 28159 | D:13     | Killed Frances
 28338 | D:13     | Found an iron altar of Okawaru.
 28503 | D:13     | Reached skill level 10 in Evocations
 29230 | D:14     | Found a sparkling altar of Nemelex Xobeh.
 29625 | D:14     | Noticed Louise
 29631 | D:14     | Killed Louise
 29802 | D:14     | Received a gift from Okawaru
 29942 | D:15     | Entered Level 15 of the Dungeon
 30282 | D:15     | Found a bloodstained altar of Trog.
 30310 | D:15     | Noticed Agnes
 30315 | D:15     | Killed Agnes
 30626 | D:15     | Received a gift from Okawaru
 30794 | D:15     | Found a staircase to the Depths.
 30984 | D:15     | Found an ornate altar of the Wu Jian Council.
 31068 | D:15     | Reached skill level 19 in Stealth
 31112 | D:15     | Reached skill level 5 in Hexes
 31216 | D:15     | Found a portal to a secret trove of treasure.
 31477 | Spider:1 | Entered Level 1 of the Spider Nest
 31477 | Spider:1 | Noticed Nikola
 31479 | Spider:1 | Killed Nikola
 31780 | Spider:1 | Blown up by an orb spider

Levels and vault maps discovered:
D:1:      dpeg_chamrin_arrival_tetris, layout_basic, grunt_decor_cap,
          minmay_pentomino_z2
D:2:      layout_loops_cross, first_ration, uniq_sigmund
D:3:      kennysheep_big_flooded_room, layout_basic, uniq_terence
D:4:      layout_loops_ring, uniq_eustachio, uniq_menkaure
D:5:      layout_layer_cave, minmay_temple_entry_tees
D:6:      layout_basic, nemelex_xobeh_ov_fountains_minmay,
          amethyst_overflow_temple_binary, serial_shops, shop,
          roderic_lattice_a, uniq_blork_the_orc
D:7:      layout_loops_corners, lightli_temple_of_fire, grunt_ogre_cave
D:8:      layout_rooms, minitemple, gammafunk_ghost_hive, st_stairs_14,
          dk_rats_in_the_wall, uniq_grum
D:9:      layout_basic, nicolae_overflow_hidden_temple,
          erik_lair_orcish_takeover
D:10:     layout_loops_ring, zombieorc1_lemuel, gammafunk_ghost_smash,
          minmay_the_grid_2x2 [minmay_the_grid_doors,
          minmay_the_grid_minigrid_small_alt, minmay_the_grid_zigzag_pyramid,
          minmay_the_grid_prize_shrinking_boxes], uniq_josephine, uniq_harold,
          uniq_fannar
D:11:     layout_basic, basic_altar
D:12:     layout_long_grid
D:13:     layout_cave_pods, david_vaults_2, basic_altar, grunt_potential,
          uniq_frances
D:14:     layout_loops_corners, basic_altar, chequers_arboretum, uniq_louise
D:15:     grunt_enter_depths_hoard, layout_rooms,
          chequers_serial_rivers_micro_a, nicolae_trove_entry_crossroad,
          hangedman_feature_mirror, uniq_agnes
Temple:   minmay_temple_curvy_loop
Lair:1:   layout_layer_cave, beast_lair_carwin_7, grunt_megastairs_4
Lair:2:   layout_cave_pods, minmay_shoals_entry_lonely_mermaid,
          nicolae_spider_entry_non_spiders, chequers_serial_rivers_micro_e
Lair:3:   layout_regular_city, gauntlet_entry_generic, minivault_29,
          lemuel_fruit_fields
Lair:4:   layout_hall_layers, serial_bayou_lake_a, infiniplex_staircase_pool_2
Lair:5:   layout_gridlike, nicolae_slime_entry_slimehenge, st_stairs_3
Lair:6:   minmay_lair_end_enchanted_forest, layout_regular_city,
          kennysheep_basilisk_garden, lemuel_fruit_fields, uniq_sonja
Spider:1: layout_spider_delve, uniq_nikola
Orc:1:    layout_diamond_mine, ebering_ghost_reflecting_pool
Orc:2:    grunt_orc_tribal_feast, layout_caves, serial_shops,
          nicolae_shop_behind_doors, shop, nicolae_shop_window_shopping

Skill      XL: |  1  2  3  4  5  6  7  8  9 10 11 12 13 14 15 |
---------------+----------------------------------------------+-----
Stealth        | 6 7 8 9 11 12 14 15 16 18 19 | 19.2
Short Blades   | 3 4 5 6 8 10 12 14 | 14.0
Throwing       | 3 4 5 6 7 9 10 11 | 11.0
Shields        | 4 6 7 |  7.2
Fighting       | 5 8 9 10 | 10.0
Dodging        | 6 11 12 | 12.0
Evocations     | 9 12 | 12.0
Hexes          | 6 |  6.1

Action                   |  1- 3 |  4- 6 |  7- 9 | 10-12 | 13-15 || total
-------------------------+-------+-------+-------+-------+-------++-------
Melee: Dagger            |    53 |    54 |       |       |     6 ||   113
       Short sword       |       |   149 |     1 |       |       ||   150
       Rapier            |       |       |   162 |   733 |  1888 ||  2783
Throw: Dart              |     9 |    30 |    39 |   144 |    68 ||   290
       Boomerang         |       |       |       |    48 |    73 ||   121
 Cast: Confusing Touch   |       |       |       |       |     2 ||     2
Evoke: Wand              |       |       |     8 |     5 |       ||    13
       Lamp of fire      |       |       |       |     1 |       ||     1
  Use: Scroll            |     1 |     2 |     9 |    14 |    17 ||    43
       Potion            |       |     1 |     2 |     3 |     1 ||     7
 Stab: Sleeping          |    11 |    11 |    25 |    49 |    70 ||   166
       Distracted        |     1 |       |       |     4 |    14 ||    19
       Invisible         |       |       |       |    14 |    28 ||    42
       Confused          |       |       |       |       |     2 ||     2
  Eat: Ration            |       |       |     2 |     7 |     8 ||    17
Armor: Robe              |     2 |    37 |    10 |     8 |       ||    57
       Ice dragon scales |       |       |       |    86 |   225 ||   311
Dodge: Dodged            |    34 |   134 |    99 |   205 |   741 ||  1213
Block: Buckler           |       |       |     3 |   259 |  1019 ||  1281
       Reflection        |       |       |       |     1 |    48 ||    49

Table legend:
 A = Non-vault XP
 B = Vault XP
 C = Vault XP percentage of total XP
 D = Non-vault monster count
 E = Vault monster count
 F = Vault count percentage of total count
                 A         B        C        D         E       F
            +---------+---------+-------+---------+---------+-------
      Total |   89080 |   60112 |  40.3 |     523 |     244 |  31.8
            +---------+---------+-------+---------+---------+-------
        D:1 |      32 |       8 |  20.0 |      16 |       2 |  11.1
        D:2 |      71 |     212 |  74.9 |      17 |       1 |   5.6
        D:3 |     129 |      42 |  24.6 |      25 |       3 |  10.7
        D:4 |     227 |     380 |  62.6 |      19 |       2 |   9.5
        D:5 |     949 |       0 |   0.0 |      24 |       0 |   0.0
        D:6 |     413 |      94 |  18.5 |      13 |       1 |   7.1
        D:7 |    1217 |     113 |   8.5 |      13 |       1 |   7.1
        D:8 |    1367 |     572 |  29.5 |       6 |       6 |  50.0
        D:9 |    4094 |     593 |  12.7 |      32 |       7 |  17.9
       D:10 |    1801 |    8545 |  82.6 |      19 |      49 |  72.1
       D:11 |    3371 |       0 |   0.0 |      28 |       0 |   0.0
       D:12 |    5430 |       0 |   0.0 |      32 |       0 |   0.0
       D:13 |    9259 |    9046 |  49.4 |      31 |      21 |  40.4
       D:14 |    4724 |    1658 |  26.0 |      20 |       1 |   4.8
       D:15 |    8754 |    5405 |  38.2 |      27 |       5 |  15.6
     Lair:1 |    3010 |    1691 |  36.0 |      15 |       9 |  37.5
     Lair:2 |    5779 |     921 |  13.7 |      23 |       9 |  28.1
     Lair:3 |    4238 |    4575 |  51.9 |      19 |      37 |  66.1
     Lair:4 |    5060 |       0 |   0.0 |      27 |       0 |   0.0
     Lair:5 |    3638 |     729 |  16.7 |      13 |       7 |  35.0
     Lair:6 |   20035 |    8678 |  30.2 |      55 |      43 |  43.9
   Spider:1 |     643 |    3913 |  85.9 |       2 |       1 |  33.3
      Orc:1 |    2048 |    1376 |  40.2 |      23 |       1 |   4.2
      Orc:2 |    2791 |    7109 |  71.8 |      24 |      29 |  54.7
   Gauntlet |       0 |    4452 | 100.0 |       0 |       9 | 100.0
            +---------+---------+-------+---------+---------+-------
